 Dungeon Crawl Stone Soup version 0.31-a0-152-g6aa68a64a1 (webtiles) character file.

Game seed: 18359667305560572448

310 qw the Shooter (level 6, 0/38 HPs)
             Began as a Gargoyle Hunter on June 10, 2023.
             Slain by an orc wizard
             ... wielding a +0 dagger
              (2 damage)
             ... on level 5 of the Dungeon.
             The game lasted 00:01:16 (2573 turns).

qw the Shooter (Gargoyle Hunter)                    Turns: 2573, Time: 00:01:16

Health: 0/38       AC:  8    Str: 15    XL:     6   Next: 41%
Magic:  6/6        EV: 11    Int:  9    God:
Gold:   214        SH:  0    Dex: 15    Spells: 5/5 levels left

rFire   + . .        Y - +0 shortbow
rCold   . . .        (shield currently unavailable)
rNeg    + . .        c - +1 leather armour {rF+}
rPois   inf          (no helmet)
rElec   +            (no cloak)
rCorr   .            (no gloves)
SInv    .            (no boots)
Will    .....        (no amulet)
Stlth   ++           (no ring)
HPRegen 0.26/turn    (no ring)
MPRegen 0.10/turn

%: no passive effects
@: no status effects
A: sickness immunity, AC +4, negative energy resistance 1, electricity
resistance, torment resistance 1, petrification resistance
a: no special abilities


You were on level 5 of the Dungeon.
You visited 1 branch of the dungeon, and saw 5 of its levels.

You collected 214 gold pieces.


Innate Abilities, Weirdness & Mutations

You are immune to sickness and miasma.
Your stone body is resilient. (AC +4)
You are immune to poison.
You resist negative energy. (rN+)
You are resistant to electric shocks. (rElec)
You are resistant to unholy torment.
You are immune to petrification.


   Skills:
 - Level 4.1 Fighting
 + Level 6.7 Ranged Weapons
 - Level 1.5 Dodging
 - Level 1.1 Stealth


You had 5 spell levels left.
You didn't know any spells.
Your spell library was empty.

Inventory:

Hand Weapons
 Y - a +0 shortbow (weapon)
Armour
 c - a +1 leather armour of fire resistance (worn)
 m - a +3 leather armour
Jewellery
 i - a ring of fire
Scrolls
 b - a scroll of identify
Potions
 a - 2 potions of curing
 d - a potion of heal wounds {unknown}
 e - a potion of cancellation
 f - a potion of haste
 g - a potion of attraction {unknown}
 h - a potion of brilliance {unknown}
 k - a potion of magic {unknown}

Dungeon Overview and Level Annotations

Branches:
Dungeon (5/15)
 Temple: D:4-7

Altars:


Message History

Beogh smites you!
The orc wizard gestures at you while chanting.
You resist with some effort.
You shoot an arrow. The arrow hits the orc priest.
The orc priest is heavily wounded.
The orc priest hits you but does no damage.
The orc wizard hits you but does no damage.
You shoot an arrow. The arrow hits the orc priest.
The orc priest is almost dead.
The orc priest hits you with a +0 dagger.
The orc wizard hits you but does no damage. x2
The orc priest hits you but does no damage.
You shoot an arrow. The arrow hits the orc priest.
The orc priest is almost dead.
The orc wizard gestures at you while chanting.
You resist with some effort. The orc priest closely misses you.
You shoot an arrow.
The arrow hits the orc priest but does no damage.
The orc priest is almost dead.
The orc wizard hits you but does no damage.
The orc priest misses you.
You shoot an arrow.
The arrow completely misses the orc priest.
The orc wizard barely misses you.
The orc priest hits you but does no damage.
You shoot an arrow.
The arrow closely misses the orc priest.
The orc wizard closely misses you.
The orc priest hits you with a +0 dagger.
You shoot an arrow.
The arrow hits the orc priest but does no damage.
The orc priest is almost dead.
The orc wizard hits you but does no damage.
The orc priest hits you but does no damage.
You shoot an arrow.
The arrow hits the orc priest but does no damage.
The orc priest is almost dead.
The orc priest hits you with a +0 dagger.
The orc wizard hits you with a +0 dagger.
You die...

#...# #..# ##......
##... ##.###....... #...
#........... #..
##.......... #..
##........... #..
#...........(
###..#####............
###....o)...............
#)..).o@................
......)#######..........
....... #####.####.
..$.... #..# #. .......
#..# #. ....?.. ##.## #.
......) #..# #. .......
#.## #. ##.# #.


You could see an orc priest and an orc wizard.

Vanquished Creatures
  A scorpion (D:5)
  A hound (D:4)
  2 orc priests
  An iguana (D:4)
  2 adders
  A worm (D:2)
  A dart slug (D:4)
  16 orcs
  7 bats
  8 endoplasms
  3 giant cockroaches
  12 goblins
  6 hobgoblins
  10 jackals
  5 kobolds
  2 quokkas
  3 ball pythons
  6 frilled lizards
  5 rats
92 creatures vanquished.

Notes
Turn   | Place    | Note
-------+----------+-------------------------------------------
     0 | D:1      | qw the Gargoyle Hunter began the quest for the Orb.
     0 | D:1      | Reached XP level 1. HP: 12/12 MP: 1/1
     0 | D:1      | 0 ||| qw: Version: 0.2-a-29-g0080da8
     0 | D:1      | 0 ||| qw: Game counter: 3843
     0 | D:1      | 0 ||| qw: Always use a shield: true
     0 | D:1      | 0 ||| qw: God list: Okawaru
     0 | D:1      | 0 ||| qw: Allow faded altars: false
     0 | D:1      | 0 ||| qw: Do Orc after D:15 true
     0 | D:1      | 0 ||| qw: Do second Lair branch before Depths: true
     0 | D:1      | 0 ||| qw: Lair rune preference: random
     0 | D:1      | 0 ||| qw: Plans: Normal, Zot:1-4, Slime:5, God:TSO, Crypt,
                  | Tomb, Abyss, Pan, Hells, Win
     0 | D:1      | 0 ||| PLANNING D:1-11
    52 | D:1      | Reached XP level 2. HP: 17/17 MP: 2/2
   317 | D:1      | 317 ||| FLEEEEING.
   319 | D:1      | 319 ||| FLEEEEING.
   320 | D:1      | 320 ||| FLEEEEING.
   322 | D:1      | Reached XP level 3. HP: 20/21 MP: 3/3
   529 | D:1      | 529 ||| READING scroll labelled OCOYMO MUONGO.
   530 | D:1      | 530 ||| READING scroll labelled MAKAYRPH FUDE.
   531 | D:1      | 531 ||| READING scroll labelled GUINNEGHEZ.
   532 | D:1      | 532 ||| DROPPING scroll of butterflies.
   586 | D:2      | Reached skill level 5 in Ranged Weapons
   927 | D:2      | Reached skill level 3 in Fighting
   934 | D:2      | Reached XP level 4. HP: 28/28 MP: 4/4
  1101 | D:2      | 1101 ||| READING scroll labelled WIEBAA DITOVAC.
  1102 | D:2      | 1102 ||| READING scroll labelled IHEUN VAWAMAC.
  1103 | D:2      | 1103 ||| READING scroll labelled REEGA CA ZALO.
  1104 | D:2      | 1104 ||| READING scroll labelled IJEFABRILAM.
  1105 | D:2      | 1105 ||| DRINKING 2 inky potions.
  1690 | D:3      | Reached XP level 5. HP: 29/32 MP: 5/5
  1721 | D:3      | 1721 ||| DROPPING scarf of harm.
  1722 | D:3      | 1722 ||| UPGRADING to +3 leather armour.
  1732 | D:3      | 1732 ||| DROPPING +0 leather armour.
  1733 | D:3      | 1733 ||| DROPPING ring of wizardry.
  1734 | D:3      | 1734 ||| READING scroll labelled TAENEWKO YSEISK.
  1738 | D:3      | 1738 ||| READING scroll labelled MESKUYLUTTI.
  1866 | D:4      | Reached skill level 6 in Ranged Weapons
  2287 | D:4      | 2287 ||| UPGRADING to +1 leather armour of fire resistance.
  2297 | D:4      | 2297 ||| READING scroll labelled OBBIHALINOPT.
  2298 | D:4      | 2298 ||| DRINKING 3 smoky brown potions.
  2299 | D:4      | 2299 ||| DRINKING 2 fuming brown potions.
  2319 | D:5      | Entered Level 5 of the Dungeon
  2446 | D:5      | Reached XP level 6. HP: 31/38 MP: 6/6
  2567 | D:5      | HP: 7/38 [orc priest/+0 dagger (5)]
  2573 | D:5      | HP: 2/38 [orc priest/+0 dagger (2)]
  2573 | D:5      | Slain by an orc wizard

Levels and vault maps discovered:
D:1:      dpeg_arrival_subterranean_lakeside_camping, layout_basic
D:2:      layout_basic, kennysheep_nub
D:3:      layout_basic
D:4:      layout_basic, chequers_serial_rivers_micro_d, item_on_display_a
D:5:      layout_cave_pods

Skill      XL: |  1  2  3  4  5 |
---------------+----------------+-----
Ranged Weapons | 5 6 |  6.7
Fighting       | 3 4 |  4.1
Dodging        | |  1.5
Stealth        | |  1.1

Action                     |  1- 3 |  4- 6 || total
---------------------------+-------+-------++-------
   Fire: Shortbow          |   107 |   207 ||   314
    Use: Scroll            |     3 |     7 ||    10
         Potion            |       |     3 ||     3
 Armour: Leather armour    |    11 |    53 ||    64
  Dodge: Dodged            |    21 |    75 ||    96

Table legend:
 A = Non-vault XP
 B = Vault XP
 C = Vault XP percentage of total XP
 D = Non-vault monster count
 E = Vault monster count
 F = Vault count percentage of total count
                 A         B        C        D         E       F
            +---------+---------+-------+---------+---------+-------
      Total |     435 |       9 |   2.0 |      86 |       6 |   6.5
            +---------+---------+-------+---------+---------+-------
        D:1 |      28 |       9 |  24.3 |      17 |       6 |  26.1
        D:2 |      50 |       0 |   0.0 |      21 |       0 |   0.0
        D:3 |      86 |       0 |   0.0 |      18 |       0 |   0.0
        D:4 |     134 |       0 |   0.0 |      25 |       0 |   0.0
        D:5 |     137 |       0 |   0.0 |       5 |       0 |   0.0
            +---------+---------+-------+---------+---------+-------
